 Dungeon Crawl Stone Soup version 0.30.0-20-g3615ddf2f0 (webtiles) character file.

Game seed: 6539748282370660811

898 qw the Chopper (level 8, -7/50 HPs)
             Began as a Gargoyle Fighter on May 27, 2023.
             Mangled by a yak (8 damage)
             ... on level 5 of the Dungeon.
             The game lasted 00:01:48 (3526 turns).

qw the Chopper (Gargoyle Fighter)                   Turns: 3526, Time: 00:01:48

Health: -7/50      AC: 16    Str: 22    XL:     8   Next: 7%
Magic:  8/8        EV:  8    Int:  9    God:
Gold:   196        SH:  5    Dex: 15    Spells: 7/7 levels left

rFire   . . .        Y - +1 war axe (venom)
rCold   . . .        c - +0 buckler
rNeg    + + .        f - +0 chain mail
rPois   inf          n - +1 helmet
rElec   +            (no cloak)
rCorr   .            (no gloves)
SInv    .            (no boots)
Will    .....        a - amulet of the acrobat Stlth
                     k - ring of positive energy
HPRegen 0.28/turn    o - +6 ring of dexterity
MPRegen 0.11/turn

%: acrobat
@: no status effects
A: sickness immunity, AC +5, negative energy resistance 1, electricity
resistance, torment resistance 1, petrification resistance
a: no special abilities


You were on level 5 of the Dungeon.
You visited 2 branches of the dungeon, and saw 6 of its levels.

You collected 196 gold pieces.


Innate Abilities, Weirdness & Mutations

You are immune to sickness and miasma.
Your stone body is resilient. (AC +5)
You are immune to poison.
You resist negative energy. (rN+)
You are resistant to electric shocks. (rElec)
You are resistant to unholy torment.
You are immune to petrification.


   Skills:
 - Level 5.5 Fighting
 - Level 7.2 Axes
 + Level 0.7 Throwing
 - Level 3.2 Armour
 - Level 1.0 Dodging
 - Level 3.2 Shields


You had 7 spell levels left.
You didn't know any spells.
Your spell library was empty.

Inventory:

Hand Weapons
 g - a +0 whip
 Y - a +1 war axe of venom (weapon)
Missiles
 i - 3 boomerangs (quivered)
Armour
 c - a +0 buckler (worn)
 f - a +0 chain mail (worn)
 n - a +1 helmet (worn)
Jewellery
 a - an amulet of the acrobat (around neck)
 j - a ring of ice
 k - a ring of positive energy (left hand)
 o - a +6 ring of dexterity (right hand)
Scrolls
 h - 2 scrolls of identify
Potions
 d - 2 potions of might
 e - a potion of lignification
 m - a potion of haste

Dungeon Overview and Level Annotations

Branches:
Dungeon (5/15)             Temple (1/1) D:4

Altars:
Cheibriados
Elyvilon
Gozag
Kikubaaqudgha
Makhleb
Nemelex Xobeh
Qazlal
Wu Jian
Yredelemnul

Shops:
D:5 :


Message History

Ijyb screams, "I dance on your bones!" Ijyb barely misses you.
The yak gores you but does no damage.
Your Axes skill increases to level 7!
You hit the yak.
The yak looks even sicker.
The yak is heavily wounded.
You hit Ijyb.
You hit the yak. x2; The yak looks even sicker.
Ijyb hits you but does no damage. You block the yak's attack.
The yak gores you! The yak gores you but does no damage.
The yak closely misses you. x2
Ijyb screams, "Die!"
Ijyb hits you with a +1 vampiric dagger.
The yak barely misses you. The yak gores you.
You slash the yak!
The yak looks as sick as possible!
The yak is almost dead.
You completely miss the yak. You barely miss the yak. You slash Ijyb!
Ijyb is poisoned.
You hit the yak.
The yak looks as sick as possible!
You kill the yak!
Ijyb hits you but does no damage. The yak barely misses you.
The yak gores you but does no damage. x2
Your Fighting skill increases to level 5!
You have reached level 8!
You feel stronger.
You hit Ijyb.
You kill Ijyb!
You slash the yak!
The yak is poisoned.
You hit the yak.
The yak looks as sick as possible!
You hit the yak but do no damage.
The yak looks as sick as possible!
The yak barely misses you.
The yak gores you but does no damage. x2
You slash the yak!
The yak is almost dead.
You hit the yak. You barely miss the yak. The yak gores you.
The yak closely misses you. The yak gores you.
You hit the yak but do no damage.
The yak looks as sick as possible!
The yak is almost dead.
You barely miss the yak. You hit the yak.
The yak looks as sick as possible!
The yak gores you. The yak gores you but does no damage. The yak gores you!
You hit the yak.
You kill the yak!
You slash the yak!
The yak looks as sick as possible!
You completely miss the yak.
The yak gores you but does no damage. x2; The yak gores you.
The yak gores you!
You die...

#.##...##.##
#.###\###.#
#.##### #.# ..
#..#####..# #Y.
##.........#
.#..
#....#######
..#.######.####
.#.....Y%..#
#......)@..#
.......%Y..#
...........#
...........#
#....).....#
#..........#
...........#
...#########
...


You could see 2 yaks.

Vanquished Creatures
  4 yaks (D:5)
  2 ogres
  2 hounds
  2 iguanas (D:5)
  Ijyb (D:5)
  An orc wizard (D:4)
  5 adders
  3 worms
  2 dart slugs
  9 orcs
  6 ball pythons
  4 endoplasms
  3 giant cockroaches (D:3)
  11 goblins
  13 hobgoblins
  4 quokkas
  5 bats
  6 frilled lizards
  5 kobolds
  5 rats
93 creatures vanquished.

Notes
Turn   | Place    | Note
-------+----------+-------------------------------------------
     0 | D:1      | qw the Gargoyle Fighter began the quest for the Orb.
     0 | D:1      | Reached XP level 1. HP: 14/14 MP: 1/1
     0 | D:1      | 0 ||| qw: Version: 0.2-a-100-g3d2c45e
     0 | D:1      | 0 ||| qw: Game counter: 186
     0 | D:1      | 0 ||| qw: Always use a shield: true
     0 | D:1      | 0 ||| qw: God list: Okawaru
     0 | D:1      | 0 ||| qw: Allow faded altars: false
     0 | D:1      | 0 ||| qw: Do Orc after D:15 true
     0 | D:1      | 0 ||| qw: Do second Lair branch before Depths: true
     0 | D:1      | 0 ||| qw: Lair rune preference: random
     0 | D:1      | 0 ||| qw: Plans: Normal, Zot:1-4, God:TSO, Crypt, Tomb,
                  | Pan, Slime:5, Hells, Abyss, Win
     0 | D:1      | 0 ||| PLANNING D:1-11
    75 | D:1      | Reached skill level 2 in Axes
   111 | D:1      | Reached XP level 2. HP: 19/19 MP: 2/2
   504 | D:1      | 504 ||| READING scroll labelled EJOTYKK LOYCS.
   505 | D:1      | 505 ||| READING scroll labelled ELOMADE YDIWA.
   506 | D:1      | 506 ||| DRINKING 2 red potions.
   507 | D:1      | 507 ||| DROPPING potion of brilliance.
   572 | D:2      | Reached skill level 3 in Axes
   624 | D:2      | 624 ||| Stepping ~*~*~tactically~*~*~ (stealth).
   643 | D:2      | Reached XP level 3. HP: 9/23 MP: 3/3
   792 | D:2      | 792 ||| Stepping ~*~*~tactically~*~*~ (stealth).
   806 | D:2      | 806 ||| Stepping ~*~*~tactically~*~*~ (stealth).
   825 | D:2      | 825 ||| Stepping ~*~*~tactically~*~*~ (stealth).
   833 | D:2      | 833 ||| Stepping ~*~*~tactically~*~*~ (stealth).
   834 | D:2      | 834 ||| Stepping ~*~*~tactically~*~*~ (stealth).
  1276 | D:2      | 1276 ||| UPGRADING to +0 chain mail.
  1286 | D:2      | 1286 ||| DROPPING +0 scale mail.
  1287 | D:2      | 1287 ||| DROPPING ring of wizardry.
  1288 | D:2      | 1288 ||| UPGRADING to ring of positive energy.
  1289 | D:2      | 1289 ||| READING 4 scrolls labelled HIL ENINODORO.
  1290 | D:2      | 1290 ||| READING scroll labelled YSUER WEOPN.
  1291 | D:2      | 1291 ||| READING scroll labelled TAOPSE MAUHI.
  1292 | D:2      | 1292 ||| DRINKING 2 fizzy cyan potions.
  1293 | D:2      | 1293 ||| READING 3 scrolls of identify.
  1293 | D:2      | 1293 ||| IDENTIFYING brown potion
  1294 | D:2      | 1294 ||| READING 2 scrolls of identify.
  1294 | D:2      | 1294 ||| IDENTIFYING smoky ruby potion
  1342 | D:3      | 1342 ||| PLANNING SEWER
  1364 | D:3      | Reached XP level 4. HP: 28/28 MP: 4/4
  1412 | D:3      | 1412 ||| Stepping ~*~*~tactically~*~*~ (hiding).
  1619 | D:3      | 1619 ||| Stepping ~*~*~tactically~*~*~ (stealth).
  1621 | D:3      | 1621 ||| Stepping ~*~*~tactically~*~*~ (stealth).
  1650 | D:3      | Reached skill level 4 in Axes
  1740 | D:3      | Found a faded altar of an unknown god.
  1952 | D:3      | 1952 ||| RIP SEWER
  1953 | D:3      | 1953 ||| PLANNING D:1-11
  2113 | D:3      | Reached XP level 5. HP: 32/32 MP: 5/5
  2210 | D:3      | 2210 ||| UPGRADING to +0 helmet.
  2215 | D:3      | 2215 ||| READING scroll of enchant armour.
  2215 | D:3      | 2215 ||| ENCHANTING +0 helmet.
  2216 | D:3      | 2216 ||| UPGRADING to amulet of the acrobat.
  2221 | D:3      | 2221 ||| UPGRADING to +6 ring of dexterity.
  2222 | D:3      | 2222 ||| READING scroll labelled HADESA ULIPNIM.
  2223 | D:3      | 2223 ||| READING scroll labelled GODAOB VUEGIGI.
  2285 | D:4      | 2285 ||| Stepping ~*~*~tactically~*~*~ (stealth).
  2349 | D:4      | 2349 ||| Stepping ~*~*~tactically~*~*~ (stealth).
  2351 | D:4      | 2351 ||| Stepping ~*~*~tactically~*~*~ (hiding).
  2405 | D:4      | Found an opulent altar of Gozag.
  2459 | D:4      | Reached skill level 1 in Dodging
  2748 | D:4      | 2748 ||| FLEEEEING.
  2749 | D:4      | 2749 ||| FLEEEEING.
  2750 | D:4      | 2750 ||| FLEEEEING.
  2751 | D:4      | 2751 ||| FLEEEEING.
  2752 | D:4      | 2752 ||| FLEEEEING.
  2753 | D:4      | 2753 ||| DRINKING potion of curing.
  2753 | D:4      | 2753 ||| (to cure confusion)
  2755 | D:4      | 2755 ||| FLEEEEING.
  2756 | D:4      | 2756 ||| FLEEEEING.
  2757 | D:4      | 2757 ||| FLEEEEING.
  2758 | D:4      | 2758 ||| FLEEEEING.
  2759 | D:4      | 2759 ||| FLEEEEING.
  2760 | D:4      | 2760 ||| FLEEEEING.
  2764 | D:4      | 2764 ||| FLEEEEING.
  2765 | D:4      | 2765 ||| FLEEEEING.
  2766 | D:4      | 2766 ||| FLEEEEING.
  2767 | D:4      | 2767 ||| FLEEEEING.
  2775 | D:4      | 2775 ||| FLEEEEING.
  2776 | D:4      | 2776 ||| FLEEEEING.
  2784 | D:4      | Reached skill level 5 in Axes
  2829 | D:4      | Identified the +1 leather armour of Perfidy {Will+ Int+6}
  2860 | D:4      | Noticed an ogre
  2870 | D:4      | Killed an ogre
  2871 | D:4      | Reached XP level 6. HP: 20/39 MP: 6/6
  2951 | D:4      | Found a staircase to the Ecumenical Temple.
  2952 | D:4      | 2952 ||| PLANNING TEMPLE
  2952 | D:4      | 2952 ||| READING scroll labelled WULUOSHOELY.
  2956 | D:4      | 2956 ||| READING scroll labelled OGOVAS EMASAE.
  3057 | D:4      | 3057 ||| READING 2 scrolls labelled KUATEF JYCIBB.
  3058 | D:4      | 3058 ||| READING 4 scrolls of identify.
  3058 | D:4      | 3058 ||| IDENTIFYING ruby potion
  3059 | D:4      | 3059 ||| READING 3 scrolls of identify.
  3059 | D:4      | 3059 ||| IDENTIFYING emerald potion
  3060 | D:4      | 3060 ||| DROPPING potion of degeneration.
  3061 | D:4      | 3061 ||| DROPPING scroll of amnesia.
  3113 | Temple   | Entered the Ecumenical Temple
  3223 | Temple   | 3223 ||| PLANNING D:1-11
  3332 | D:5      | Entered Level 5 of the Dungeon
  3369 | D:5      | HP: 7/39 [ogre/+0 giant spiked club (12)]
  3370 | D:5      | 3370 ||| DRINKING potion of heal wounds.
  3427 | D:5      | Found Jeidag's Tremendous Tomes.
  3457 | D:5      | Reached XP level 7. HP: 44/44 MP: 7/7
  3488 | D:5      | Reached skill level 6 in Axes
  3508 | D:5      | Noticed a yak
  3508 | D:5      | Noticed a yak
  3508 | D:5      | Noticed a yak
  3509 | D:5      | 3509 ||| Stepping ~*~*~tactically~*~*~ (stealth).
  3510 | D:5      | 3510 ||| Stepping ~*~*~tactically~*~*~ (stealth).
  3513 | D:5      | Noticed Ijyb
  3513 | D:5      | Noticed a yak
  3514 | D:5      | Noticed a yak
  3516 | D:5      | Noticed a yak
  3518 | D:5      | Killed a yak
  3520 | D:5      | Killed a yak
  3521 | D:5      | Reached skill level 7 in Axes
  3522 | D:5      | Killed a yak
  3523 | D:5      | Reached XP level 8. HP: 25/50 MP: 8/8
  3523 | D:5      | Killed Ijyb
  3525 | D:5      | HP: 6/50 [yak (12)]
  3526 | D:5      | Killed a yak
  3526 | D:5      | HP: 1/50 [yak (6)]
  3526 | D:5      | Mangled by a yak

Levels and vault maps discovered:
D:1:      lemuel_arrival_muddy, layout_rooms, serial_glass, glass_columns_a,
          glass_columns_c, glass_columns_b, glass_columns_b
D:2:      layout_basic
D:3:      layout_loops_ring, chequers_ecumenical_altar_island,
          portal_sewer_entry_d, grunt_ministairs_11,
          minmay_randomly_rotated_circles
D:4:      layout_loops_ring, grunt_gozag_breadcrumbs, temple_statues
D:5:      layout_basic, nicolae_ru_awakened_eye, solitary_fountain,
          nicolae_shop_i_like_big_books, grunt_ministairs_1,
          kennysheep_windowed_goal, uniq_sigmund, uniq_ijyb
Temple:   nicolae_temple_two_arcs

Skill      XL: |  1  2  3  4  5  6  7 |
---------------+----------------------+-----
Axes           | 2 3 4 5 7 |  7.2
Dodging        | 1 |  1.0
Fighting       | 4 5 |  5.5
Throwing       | |  0.7
Armour         | |  3.2
Shields        | |  3.2

Action                     |  1- 3 |  4- 6 |  7- 9 || total
---------------------------+-------+-------+-------++-------
  Melee: War axe           |   103 |   121 |    15 ||   239
  Throw: Boomerang         |       |    19 |     5 ||    24
    Use: Scroll            |     7 |     8 |       ||    15
         Potion            |     2 |     2 |       ||     4
 Armour: Scale mail        |    44 |       |       ||    44
         Chain mail        |     1 |    54 |    18 ||    73
  Dodge: Dodged            |    50 |    48 |    10 ||   108
  Block: Buckler           |    17 |    20 |     4 ||    41

Table legend:
 A = Non-vault XP
 B = Vault XP
 C = Vault XP percentage of total XP
 D = Non-vault monster count
 E = Vault monster count
 F = Vault count percentage of total count
                 A         B        C        D         E       F
            +---------+---------+-------+---------+---------+-------
      Total |    1259 |     230 |  15.4 |      81 |      12 |  12.9
            +---------+---------+-------+---------+---------+-------
        D:1 |      27 |       0 |   0.0 |      17 |       0 |   0.0
        D:2 |      54 |       0 |   0.0 |      20 |       0 |   0.0
        D:3 |      57 |      28 |  32.9 |      17 |       9 |  34.6
        D:4 |     254 |       0 |   0.0 |      21 |       0 |   0.0
        D:5 |     867 |     202 |  18.9 |       6 |       3 |  33.3
            +---------+---------+-------+---------+---------+-------
